 Dungeon Crawl Stone Soup version 0.19-a0-965-g50bf062 (webtiles) character file.

3 Duffy the Shield-Bearer (level 1, 14/14 HPs)
             Began as a Gargoyle Fighter on July 12, 2016.
             Was a Follower of Sif Muna.
             Quit the game on level 2 of the Dungeon.
             The game lasted 00:00:24 (235 turns).

Duffy the Shield-Bearer (Gargoyle Fighter)           Turns: 235, Time: 00:00:26

Health: 14/14      AC:  9    Str: 19    XL:     1   Next: 50%
Magic:  1/1        EV:  7    Int:  8    God:    Sif Muna [*.....]
Gold:   0          SH:  9    Dex:  9    Spells: 0 memorised, 0 levels left

rFire  . . .     SeeInvis .     a - +0 flail
rCold  . . .     Gourm    .     b - +0 scale mail
rNeg   + . .     Faith    .     c - +0 shield
rPois  ∞         Spirit   .     (no helmet)
rElec  +         Dismiss  .     (no cloak)
rCorr  .         Reflect  .     (no gloves)
SustAt .         Harm     .     (no boots)
MR     .....                    (no amulet)
Stlth  ..........               (no ring)
                                (no ring)

@: not resistant to hostile enchantments, extremely unstealthy
A: negative energy resistance 1, electricity resistance, unbreathing,
petrification resistance, rot immunity, AC +2
a: Divine Energy, Renounce Religion


You were on level 2 of the Dungeon.
You worshipped Sif Muna.
Sif Muna was aware of your devotion.
You were not hungry.

You visited 1 branch of the dungeon, and saw 2 of its levels.


Innate Abilities, Weirdness & Mutations

You are resistant to torment.
Your stone body is resilient. (AC +2)
You are immune to poison.
You resist negative energy. (rN+)
You are resistant to electric shocks. (rElec)
You can survive without breathing.
You are immune to petrification.
You are immune to rotting.


   Skills:
 - Level 3.2 Fighting
 + Level 2.3 Maces & Flails
 - Level 3.2 Armour
 - Level 3.2 Shields


You couldn't memorise any spells.
You didn't know any spells.

Inventory:

Hand Weapons
 a - a +0 flail (weapon)
Armour
 b - a +0 scale mail (worn)
 c - a +0 shield (worn)
Scrolls
 e - a scroll of remove curse {unknown}
 g - 2 scrolls of identify {unknown}
Potions
 d - a potion of might
 h - a potion of agility {unknown}
Comestibles
 f - 2 bread rations

Dungeon Overview and Level Annotations

Branches:
Dungeon (2/15)

Altars:
Sif Muna


Message History

No target in view!
No target in view!
Things that are here:
3 stones; a kobold corpse
Found a spear.
There is a stone staircase leading up here.
You climb upwards.
Found a dagger.
There is a stone staircase leading down here.
HP restored.
g - 2 scrolls labeled ZOMYCI USIO (gained 1)
f - 2 bread rations (gained 1)
A hobgoblin comes into view. It is wielding a club.
You thump the hobgoblin!
You kill the hobgoblin!
No target in view!
No target in view!
No target in view!
No target in view!
No target in view!
No target in view!
No target in view!
No target in view!
No target in view!
No target in view!
No target in view!
No target in view!
No target in view!
No target in view!
Things that are here:
a club; a hobgoblin corpse
h - a brown potion
(D) Dungeon
Where to? (* - list waypoints, ? - help)
There is a stone staircase leading down here.
You climb downwards.
There is a stone staircase leading up here.
Found a stone staircase leading down.
Found a faded altar of an unknown god.
There is a stone staircase leading down here.
A bat comes into view.
The bat hits you but does no damage. The bat closely misses you.
Found a stone staircase leading up.
There is a faded altar of an unknown god here.
You cannot tell which god this altar belongs to.
Convert to them anyway?
Sif Muna accepts your prayer! Sif Muna welcomes you!
You can now request divine energy to cast spells with insufficient magic.
Are you sure you want to abandon this character and quit the game? (Confirm with "yes".)

##### #....
#....###
####......####
....b..#.....###
.#@#......#
#...#..###..#
..........###..##
..............>.#
.######.........##
#..........# ....
#..........# .....
#########..# .....
#..#......


You could see a bat.

Action                   || total
-------------------------++-------
Melee: Flail             ||     9
Armor: Scale mail        ||     5
Dodge: Dodged            ||     3
Block: Shield            ||     3

Notes
Turn   | Place    | Note
-------+----------+-------------------------------------------
     0 | D:1      | Duffy the Gargoyle Fighter began the quest for the Orb.
     0 | D:1      | Reached XP level 1. HP: 14/14 MP: 1/1
   222 | D:2      | Found a faded altar of an unknown god.
   235 | D:2      | Became a worshipper of Sif Muna the Loreminder
   235 | D:2      | Reached * piety under Sif Muna
   235 | D:2      | Quit the game

Vault maps used:
D:1:      dpeg_arrival_central, kennysheep_crisscross
D:2:      ecumenical_altar_1

Vanquished Creatures
  A hobgoblin
  A kobold
  A giant newt
3 creatures vanquished.
